 Dungeon Crawl Stone Soup version 0.29-a0-821-g66395355a5 (webtiles) character file.

Game seed: 9420234343882395496

95 vineage the Trooper (level 4, -1/30 HPs)
             Began as a Gargoyle Fighter on July 7, 2022.
             Slain by Grinder (4 damage)
             ... on level 3 of the Dungeon.
             The game lasted 00:01:56 (2818 turns).

vineage the Trooper (Gargoyle Fighter)              Turns: 2818, Time: 00:01:56

Health: -1/30      AC: 12    Str: 22    XL:     4   Next: 65%
Magic:  4/4        EV:  9    Int:  8    God:
Gold:   140        SH:  4    Dex:  9    Spells: 3/3 levels left

rFire   . . .      SeeInvis .   a - +0 flail
rCold   . . .      Faith    .   c - +0 buckler
rNeg    + . .      Spirit   .   b - +0 scale mail
rPois   ∞          Reflect  .   k - +1 hat
rElec   +          Harm     .   (no cloak)
rCorr   .          Rampage  .   e - +0 pair of gloves
Will    .....                   (no boots)
Stlth   ..........              (no amulet)
HPRegen 0.10/turn               (no ring)
MPRegen 0.09/turn               (no ring)

@: mighty
A: sickness immunity, AC +3, negative energy resistance 1, electricity
resistance, torment resistance 1, petrification resistance
a: no special abilities


You were on level 3 of the Dungeon.
You visited 1 branch of the dungeon, and saw 3 of its levels.

You collected 140 gold pieces.

Inventory:

Hand Weapons
 a - a +0 flail (weapon)
Armour
 b - a +0 scale mail (worn)
 c - a +0 buckler (worn)
 e - a +0 pair of gloves (worn)
 k - a +1 hat (worn)
 q - a +1 cloak
Scrolls
 f - 2 scrolls of identify
 h - 5 scrolls of teleportation
 m - a scroll of fear {unknown}
Potions
 g - a potion of flight
 i - 2 potions of brilliance
 j - 2 potions of cancellation
 l - a potion of magic {unknown}
 n - a potion of haste {unknown}
 o - a potion of heal wounds {unknown}
 p - a potion of lignification {unknown}


   Skills:
 * Level 4.6 Fighting
 * Level 3.6 Maces & Flails
 - Level 3.2 Armour
 - Level 3.2 Shields


You had 3 spell levels left.
You didn't know any spells.
Your spell library contained the following spells:

 Spells                   Type           Power      Damage    Failure   Level
 Necrotise                Necr           0%         1d4       83%         1
 Vampiric Draining        Necr           0%         2d6       99%         3
 Agony                    Necr           0%         N/A       100%        5


Dungeon Overview and Level Annotations

Branches:
Dungeon (3/15)

Altars:
The Shining One

Shops:
D:1 !

Annotations:
D:3 Grinder


Innate Abilities, Weirdness & Mutations

You are immune to sickness and miasma.
Your stone body is resilient. (AC +3)
You are immune to poison.
You resist negative energy. (rN+)
You are resistant to electric shocks. (rElec)
You are resistant to unholy torment.
You are immune to petrification.


Message History

Grinder is lightly wounded.
Grinder hits you but does no damage.
You hit Grinder but do no damage.
Grinder is lightly wounded.
Grinder hits you but does no damage.
You closely miss Grinder.
Grinder is lightly wounded.
Grinder hits you but does no damage. Grinder closely misses you.
You hit Grinder.
Grinder is moderately wounded.
Grinder gestures at you.
You barely resist. You closely miss Grinder.
Grinder is moderately wounded.
Grinder says, "What is the universe for?"
Grinder gestures at you. Pain shoots through your body!
You are too injured to fight recklessly!
You are too injured to fight recklessly!
You feel very mighty all of a sudden. Grinder gestures at you.
You suddenly lose the ability to move!
Grinder gestures at you.
You barely resist. Grinder hits you!
* * * LOW HITPOINT WARNING * * *
Grinder gestures at you. Pain shoots through your body!
* * * LOW HITPOINT WARNING * * *
Grinder completely misses you.
You can move again.
You bludgeon Grinder!!
Grinder is severely wounded.
Grinder gestures at you. Pain shoots through your body!
* * * LOW HITPOINT WARNING * * *
You closely miss Grinder.
Grinder is severely wounded.
Grinder hits you.
You die...

##...... #......
#..... #.... #...
#c. #5# #@# #.#
#.# # ..
#.########.# #.#
#........#.#.##.#
#..........#.##.##
########.###.#...#
#.#........
######.#.#....†.


You could see Grinder and a centaur.

Vanquished Creatures
  4 adders (D:2)
  A worm (D:3)
  A dart slug (D:1)
  3 bats
  4 endoplasms
  3 giant cockroaches
  10 goblins
  4 hobgoblins
  3 quokkas
  4 ball pythons
  10 frilled lizards
  4 kobolds (D:2)
  3 rats
54 creatures vanquished.

Notes
Turn   | Place    | Note
-------+----------+-------------------------------------------
     0 | D:1      | vineage the Gargoyle Fighter began the quest for the Orb.
     0 | D:1      | Reached XP level 1. HP: 14/14 MP: 1/1
   219 | D:1      | Reached XP level 2. HP: 19/19 MP: 2/2
   277 | D:1      | Found Dofrao's Distillery.
  1479 | D:2      | Reached skill level 4 in Fighting
  1479 | D:2      | Reached XP level 3. HP: 22/24 MP: 3/3
  1955 | D:2      | Found a glowing golden altar of the Shining One.
  2083 | D:2      | Reached XP level 4. HP: 30/30 MP: 4/4
  2453 | D:2      | Found a faded altar of an unknown god.
  2801 | D:3      | Noticed Grinder
  2804 | D:3      | Noticed a centaur
  2812 | D:3      | Paralysed by Grinder for 5 turns
  2818 | D:3      | Slain by Grinder

Illustrated notes

Levels and vault maps discovered:
D:1:      lemuel_arrival_lava_pool, layout_basic, serial_shops, shop,
          minmay_lizard_pond
D:2:      layout_loops_cross, basic_altar,
          shapermc_ecumenical_altar_totnotflames, minmay_circle_x
D:3:      layout_loops_ring, marbit_many_paths, uniq_grinder

Skill      XL: |  1  2  3 |
---------------+----------+-----
Fighting       | 4 |  4.6
Maces & Flails | 3 |  3.6
Armour         | |  3.2
Shields        | |  3.2

Action                   |  1- 3 |  4- 6 || total
-------------------------+-------+-------++-------
Melee: Flail             |   146 |    67 ||   213
  Use: Scroll            |       |     7 ||     7
       Potion            |       |     1 ||     1
Armor: Scale mail        |    93 |    38 ||   131
Dodge: Dodged            |    64 |    34 ||    98
Block: Buckler           |    22 |    13 ||    35

Table legend: (Time is in decaauts)
 A = Elapsed time spent in this place.
 B = Non-inter-level travel time spent in this place.
 C = Inter-level travel time spent in this place.
 D = Time resting spent in this place.
 E = Time spent auto-exploring this place.
 F = Levels seen in this place.
 G = Mean time per level.
                   A        B        C        D        E       F      G
               +--------+--------+--------+--------+--------+-----+--------+
         Total |   2879 |   2793 |     86 |      0 |   2337 |   3 |  959.7 |
       Dungeon |   2879 |   2793 |     86 |      0 |   2337 |   3 |  959.7 |
               +--------+--------+--------+--------+--------+-----+--------+

Top non-repeatable levels by time:
     D:1: 1484 daAuts
     D:2: 1147 daAuts
     D:3: 247 daAuts
